 Dungeon Crawl Stone Soup version 0.28.0 (webtiles) character file.

Game seed: 6647104199272063619

1862 hawla the Cudgeller (level 8, -14/103 HPs)
             Began as a Green Draconian Delver on Feb 12, 2022.
             Killed by divine providence
             ... invoked by an orc priest
              (15 damage)
             ... on level 9 of the Dungeon.
             The game lasted 00:18:06 (5315 turns).

hawla the Cudgeller (Green Draconian Delver)        Turns: 5315, Time: 00:18:07

Health: -14/103    AC: 24    Str: 15    XL:     8   Next: 89%
Magic:  10/11      EV:  2    Int: 13    God:
Gold:   246        SH:  0    Dex: 12    Spells: 10/11 levels left

rFire   . . .      SeeInvis .   k - +2 flail (spect)
rCold   . . .      Faith    .   (no shield)
rNeg    . . .      Spirit   .   (armour unavailable)
rPois   +          Reflect  .   (helmet currently unavailable)
rElec   .          Harm     .   (cloak currently unavailable)
rCorr   .          Rampage  .   (gloves currently unavailable)
Will    .....      NoTele   +   (boots currently unavailable)
Stlth   +++.......              (no amulet)
HPRegen 0.27/turn               (no ring)
MPRegen 0.12/turn               (no ring)

@: tree-form
A: stationary, stasis, torment immunity, boosted hp, (breathe noxious fumes), AC
+6, unfitting armour, (poison resistance), (cold-blooded)
a: no special abilities


You were on level 9 of the Dungeon.
You were a tree.
You visited 2 branches of the dungeon, and saw 8 of its levels.

You collected 246 gold pieces.

Inventory:

Hand Weapons
 k - a +2 spectral flail (weapon)
Missiles
 l - an atropa-tipped dart (quivered)
 m - 10 poisoned darts
 o - 3 javelins
Armour
 g - a +2 pair of gloves (melded)
 j - a scarf of invisibility (melded)
 t - a +1 pair of boots (melded)
Magical Staves
 f - a staff of conjuration
Jewellery
 h - a ring of fire
 x - an amulet of reflection
Wands
 e - a wand of digging (2)
 u - a wand of polymorph (7)
Scrolls
 a - 2 scrolls of fog
 b - 2 scrolls of immolation
 c - 2 scrolls of fear
 q - 7 scrolls of teleportation
 r - a scroll of brand weapon
 v - a scroll of identify
Potions
 d - 2 potions of degeneration
 n - a potion of might
 p - 2 potions of flight
 w - a potion of brilliance {unknown}


   Skills:
 + Level 5.6 Fighting
 + Level 7.4 Maces & Flails
 - Level 3.0 Throwing
 - Level 3.0 Dodging
 - Level 5.0 Stealth
 - Level 3.0 Unarmed Combat
 + Level 2.2 Spellcasting
 - Level 3.0 Conjurations
 - Level 3.0 Evocations


You had 10 spell levels left.
You knew the following spells:

 Your Spells              Type           Power      Damage    Failure   Level
a - Magic Dart            Conj           36%        1d4       8%          1

Your spell library contained the following spells:

 Spells                   Type           Power      Damage    Failure   Level
 Call Imp                 Summ           1%         N/A       36%         2
 Mephitic Cloud           Conj/Pois/Air  4%         N/A       45%         3


Dungeon Overview and Level Annotations

Branches:
Dungeon (6/15)             Temple (1/1) D:4            Lair (0/6) D:9

Altars:
Ashenzari
Cheibriados
Dithmenos
Elyvilon
Hepliaklqana
Kikubaaqudgha
Makhleb
Nemelex Xobeh
Okawaru
Qazlal
Ru
Sif Muna
Trog
Wu Jian
Xom
Yredelemnul
Zin
The Shining One

Shops:
D:6 [


Innate Abilities, Weirdness & Mutations

You are a tree.
Your roots penetrate the ground, keeping you stationary.
You cannot be teleported.
You are immune to unholy pain and torment.
Your maximum health is greatly increased.
Your equipment is partially melded.
((You can breathe blasts of noxious fumes.))
((Your lurid green scales are hard. (AC +6)))
You cannot fit into any form of body armour.
((Your system is resistant to poisons. (rPois)))
((You are cold-blooded and may be slowed by cold attacks.))


Message History

The warg bites you but does no damage. The warg bites you!
You sock the warg!
Your tail-slap misses the warg.
The warg is severely wounded.
The warg bites you but does no damage. The warg barely misses you.
You thump the warg!
You kill the warg!
The warg bites you! The orc warrior barely misses you.
The warg closely misses you.
Your Spellcasting skill increases to level 2!
You hit the orc priest.
Your tail-slap misses the orc priest.
The orc priest is moderately wounded.
The orc priest closely misses you. The warg misses you.
The orc warrior hits you from afar with a +0 glaive!!
* * * LOW HITPOINT WARNING * * *
You feel better. The warg bites you but does no damage.
The orc priest hits you with a +0 whip.
* * * LOW HITPOINT WARNING * * *
The orc warrior misses you.
Okay, then.
As you read the scroll of fear, it crumbles to dust.
You assume a fearsome visage.
The warg looks frightened!
The orc looks frightened!
The orc priest resists with some effort.
The orc warrior looks frightened!
The wyvern zombie is unaffected.
The orc priest closely misses you.
It was a potion of lignification.
You turn into a tree.
Your scarf of invisibility melds into your body.
Your +2 pair of gloves melds into your body.
Your +1 pair of boots melds into your body.
Your roots penetrate the ground.
The orc priest mumbles some strange prayers to Beogh against you.
Beogh smites you!
* * * LOW HITPOINT WARNING * * *
The orc wails, "Help!"
Okay, then.
You hit the orc priest.
The orc priest is moderately wounded.
The orc priest invokes the aid of Beogh against you.
Beogh smites you!
You die...

....Z...# >...h...#
.... .. ..oooo..#####
..###. ..P...#.o#>.
..#.. ...h.##....#
...o
...####.#..######..#
[#. ##...........###
##. ##.......###....#
..###......o.Zo♣.#
#.............##..#
#####.........###....
#........># ###...
#.........# ##
##.......##
#.........#
#.........#
#.........#


You could see an orc warrior (fleeing), an orc priest, an orc (fleeing) and a
wyvern zombie.

Vanquished Creatures
  Sigmund (D:2)
  A warg (D:9)
  A water moccasin (D:5)
  2 ice beasts (D:6)
  An orc warrior (D:5)
  A black bear (D:6)
  2 necrophages
  An ogre (D:3)
  5 scorpions
  A water moccasin zombie (D:6)
  A bullfrog (D:6)
  A centaur zombie (D:6)
  A hound (D:6)
  A jelly (D:5)
  An orc priest (D:5)
  3 bullfrog skeletons
  A gnoll shaman (D:6)
  2 orc wizards (D:5)
  A hound skeleton (D:4)
  3 gnolls (D:6)
  4 adders
  A river rat (D:3)
  An ufetubus (D:4)
  A worm (D:4)
  2 dart slugs
  2 orcs
  9 ball pythons
  5 endoplasms
  4 giant cockroaches
  4 goblins
  5 hobgoblins
  2 jackals (D:1)
  3 quokkas
  3 bats
  2 frilled lizards (D:1)
  7 kobolds
  23 rats
109 creatures vanquished.

Vanquished Creatures (others)
  A plant (D:9)
1 creature vanquished.

Grand Total: 110 creatures vanquished

Notes
Turn   | Place    | Note
-------+----------+-------------------------------------------
     0 | D:5      | hawla the Draconian Delver began the quest for the Orb.
     0 | D:5      | Reached XP level 1. HP: 19/19 MP: 1/1
     5 | D:5      | Noticed a scorpion
    85 | D:5      | Found a white marble altar of Elyvilon.
    87 | D:5      | Noticed a jelly
   158 | D:2      | Found a shadowy altar of Dithmenos.
   187 | D:2      | Noticed Sigmund
   574 | D:1      | Reached XP level 2. HP: 25/26 MP: 2/2
  1152 | D:1      | Found a faded altar of an unknown god.
  1247 | D:1      | Reached skill level 1 in Throwing
  1250 | D:1      | Reached XP level 3. HP: 31/31 MP: 3/3
  1388 | D:2      | HP: 1/28 [something (2)]
  2114 | D:2      | Killed Sigmund
  2115 | D:2      | Reached skill level 5 in Stealth
  2115 | D:2      | Reached skill level 1 in Spellcasting
  2115 | D:2      | Reached XP level 4. HP: 36/40 MP: 3/5
  2115 | D:2      | Reached XP level 5. HP: 42/46 MP: 3/6
  2621 | D:3      | Noticed an ogre
  2628 | D:3      | Killed an ogre
  2629 | D:3      | Reached skill level 1 in Maces & Flails
  2629 | D:3      | Reached XP level 6. HP: 41/53 MP: 7/7
  3079 | D:4      | Learned a level 1 spell: Magic Dart
  3136 | D:4      | Found a staircase to the Ecumenical Temple.
  3152 | Temple   | Entered the Ecumenical Temple
  3342 | D:4      | Reached skill level 2 in Maces & Flails
  3469 | D:4      | Found a stormy altar of Qazlal.
  3626 | D:4      | Reached skill level 5 in Fighting
  3626 | D:4      | Reached skill level 1 in Conjurations
  3626 | D:4      | Your scales start taking on a lurid green colour.
  3626 | D:4      | Reached XP level 7. HP: 59/61 MP: 8/8
  3626 | D:4      | Gained mutation: Your system is resistant to poisons.
                  | (rPois) [Green Draconian growth]
  3714 | D:5      | Reached skill level 3 in Maces & Flails
  3721 | D:5      | Reached skill level 4 in Maces & Flails
  3912 | D:5      | Reached skill level 5 in Maces & Flails
  4182 | D:5      | Reached XP level 8. HP: 66/68 MP: 9/9
  4417 | D:5      | Reached skill level 6 in Maces & Flails
  4494 | D:6      | Found Faoneac's Antique Armour Shop.
  4669 | D:6      | Reached skill level 7 in Maces & Flails
  5286 | D:6      | You fall into a shaft and drop 3 floors!
  5286 | D:9      | Found a staircase to the Lair.
  5314 | D:9      | HP: 1/103 [orc priest/divine providence (12)]
  5315 | D:9      | Killed from afar by an orc priest

Illustrated notes

Levels and vault maps discovered:
D:1:      dpeg_arrival_water_temple_mockup, layout_basic,
          dreamdust_ecumenical_altar_hidden_monk_grotto
D:2:      layout_basic, basic_altar, chequers_serial_rivers_micro_b,
          uniq_sigmund
D:3:      layout_rooms, portal_sewer_entry_a, minmay_rat_hole
D:4:      layout_basic, nicolae_qazlal_general_emergency,
          minmay_temple_entry_antechambers
D:5:      layout_basic, elyvilon_altar_5
D:6:      layout_loops_ring, nicolae_stop_n_shop_2, dk_vineyard_2
D:9:      layout_rooms, erik_lair_orcish_takeover, orc_0_dummy, serial_shops,
          nicolae_shop_waterfront, uniq_harold
Temple:   nicolae_temple_elliptical

Skill      XL: |  1  2  3  4  5  6  7  8 |
---------------+-------------------------+-----
Dodging        | 2 3 |  3.0
Throwing       | 1 2 3 |  3.0
Fighting       | 4 5 |  5.6
Stealth        | 5 |  5.0
Unarmed Combat | 3 |  3.0
Evocations     | 3 |  3.0
Spellcasting   | 1 2 |  2.2
Maces & Flails | 1 2 5 7 |  7.4
Conjurations   | 1 2 3 |  3.0

Action                   |  1- 3 |  4- 6 |  7- 9 || total
-------------------------+-------+-------+-------++-------
Melee: Unarmed           |    95 |       |       ||    95
       Tailslap          |    16 |     6 |     8 ||    30
       Punch             |     2 |       |     2 ||     4
       Flail             |    39 |    60 |    88 ||   187
Throw: Dart              |     6 |     1 |     1 ||     8
 Cast: Magic Dart        |       |       |     2 ||     2
Evoke: Wand              |     1 |       |       ||     1
  Use: Scroll            |     5 |     4 |     4 ||    13
       Potion            |     1 |       |     2 ||     3
 Stab: Sleeping          |    10 |     3 |     4 ||    17
       Distracted        |     1 |       |       ||     1
       Invisible         |       |     1 |       ||     1
Armor: Skin              |    50 |    19 |    61 ||   130
Dodge: Dodged            |    86 |    46 |    76 ||   208
